 Dungeon Crawl Stone Soup version 0.32-a0-673-g3729bd50f8 (webtiles) character file.

Game seed: 13474223773472947804

122 whatisthis the Slicer (level 5, -14/40 HPs)
             Began as a Gnoll Wanderer on Mar 10, 2024.
             Demolished by an ogre
             ... wielding a +0 giant club
              (29 damage)
             ... on level 3 of the Dungeon.
             The game lasted 00:04:44 (2399 turns).

whatisthis the Slicer (Gnoll Wanderer)              Turns: 2399, Time: 00:04:45

Health: -14/40     AC:  3    Str:  8    XL:     5   Next: 6%
Magic:  7/7        EV: 18    Int:  9    God:
Gold:   156        SH:  5    Dex: 19    Spells: 6/6 levels left

rFire   . . .        e - +2 whip (venom)
rCold   + . .        (no shield)
rNeg    . . .        d - +0 robe
rPois   .            (no helmet)
rElec   .            (no cloak)
rCorr   .            f - +0 pair of gloves
SInv    .            (no boots)
Will    .....        g - amulet of reflection
Stlth   ++           i - +5 ring of evasion
HPRegen 0.26/turn    k - ring of protection from cold
MPRegen 0.10/turn

%: reflection
@: no status effects
A: fangs 1, strong nose, distributed training
a: no special abilities


You were on level 3 of the Dungeon.
You visited 1 branch of the dungeon, and saw 3 of its levels.

You collected 156 gold pieces.

Inventory:

Hand Weapons
 a - a +3 short sword
 b - a +0 quarterstaff
 e - a +2 whip of venom (weapon)
 o - a +0 long sword
Armour
 d - a +0 robe (worn)
 f - a +0 pair of gloves (worn)
Jewellery
 g - an amulet of reflection (around neck)
 i - a +5 ring of evasion (left hand)
 k - a ring of protection from cold (right hand)
Wands
 p - a wand of paralysis (17)
Scrolls
 h - 2 scrolls of noise {unknown}
 l - a scroll of amnesia {unknown}
 m - a scroll of brand weapon {unknown}
 n - a scroll of fog {unknown}
 r - a scroll of identify {unknown}
 s - a scroll of enchant armour {unknown}
Potions
 c - 2 potions of attraction
 j - a potion of mutation {unknown}
 q - a potion of brilliance {unknown}


   Skills:
 + Level 2.9 Fighting
 + Level 8.6 Short Blades
 + Level 1.4 Long Blades
 + Level 1.4 Axes
 + Level 1.4 Maces & Flails
 + Level 1.4 Polearms
 + Level 6.6 Staves
 + Level 1.4 Ranged Weapons
 + Level 1.4 Throwing
 + Level 2.9 Armour
 + Level 2.9 Dodging
 + Level 1.4 Stealth
 + Level 1.4 Shields
 + Level 1.4 Unarmed Combat
 + Level 1.4 Spellcasting
 + Level 1.1 Conjurations
 + Level 1.1 Hexes
 + Level 1.1 Summonings
 + Level 1.1 Necromancy
 + Level 1.1 Translocations
 + Level 1.1 Fire Magic
 + Level 1.1 Ice Magic
 + Level 1.1 Air Magic
 + Level 1.1 Earth Magic
 + Level 1.1 Alchemy
 + Level 1.5 Invocations
 + Level 1.4 Evocations
 + Level 1.2 Shapeshifting


You had 6 spell levels left.
You didn't know any spells.
Your spell library contained the following spells:

 Spells                   Type           Power      Damage    Failure   Level
 Sting                    Conj/Alch      8%         1d3       22%         1
 Mercury Vapours          Alch/Air       4%         N/A       34%         2
 Olgreb's Toxic Radiance  Alch           2%         N/A       92%         4


Dungeon Overview and Level Annotations

Branches:
Dungeon (3/15)

Altars:
Fedhas

Shops:
D:1 *

Annotations:
D:3 1 runed translucent door, Crazy Yiuf


Innate Abilities, Weirdness & Mutations

You have very sharp teeth.
Your uncanny sense of smell can sniff out nearby items.
Your experience applies equally to all skills.


Message History

The endoplasm is almost dead.
The endoplasm closely misses you.
You hit the endoplasm.
You kill the endoplasm!
You now have 156 gold pieces (gained 14).
An orc comes into view. It is wielding a +0 trident.
An orc is nearby!
An orc is nearby!
A goblin, an orc and a gnoll come into view.
The orc shouts! x2; You hear a shout!
The gnoll shouts!
You hear a shout! x3
A gnoll comes into view.
It is wielding a +0 flail and quivering a throwing net.
An ogre comes into view. It is wielding a +0 giant club.
The goblin shouts!
A goblin comes into view. It is wielding a +0 club.
The goblin shouts!
A gnoll comes into view. It is wielding a +0 halberd.
The orc hits you from afar with a +0 trident.
You barely miss the ogre. The orc hits you but does no damage.
The orc hits you from afar with a +0 trident.
The ogre barely misses you.
A gnoll comes into view. It is wielding a +0 spear.
You block the orc's attack. The orc misses you.
Okay, then.
Aiming: Paralyse
Press: ? - help, Shift-Dir - straight line, f - ogre
Aim: an ogre, wielding a +0 giant club (chance to affect: 51%)
The ogre resists with significant effort.
The ogre hits you with a +0 giant club! The orc hits you with a +0 dagger.
The orc closely misses you.
Unknown command.
Unknown command.
Aiming: Paralyse
Press: ? - help, Shift-Dir - straight line, f/p - ogre
Aim: an ogre, wielding a +0 giant club (chance to affect: 51%)
The ogre resists with significant effort.
The orc barely misses you. You block the goblin's attack.
The orc completely misses you.
The ogre hits you with a +0 giant club!!
Ouch! That really hurt!
You die... ## # ####. ... .... #∆ .#.# ...#. #... ..... ..g##..#.# ....... gog.... ....... #Ogg#

....... ∆##@o#
.......###..##
...........##
..........##
..........#########
..................#
########..........#
#......^...# ###
#..........#


You could see an ogre, 4 gnolls, 2 orcs and a goblin.

Vanquished Creatures
  An orc priest (D:2)
  Jessica (D:3)
  3 orcs
  10 ball pythons
  3 endoplasms
  2 giant cockroaches
  2 goblins
  5 hobgoblins
  12 jackals
  4 kobolds
  2 quokkas
  5 bats
  4 frilled lizards
  3 rats
57 creatures vanquished.

Notes
Turn   | Place    | Note
-------+----------+-------------------------------------------
     0 | D:1      | whatisthis the Gnoll Wanderer began the quest for the Orb.
     0 | D:1      | whatisthis set off with the following items: a +3 short
                  | sword, a +0 quarterstaff, a potion of attraction, a +0
                  | robe.
     0 | D:1      | Reached XP level 1. HP: 17/17 MP: 1/1
   199 | D:1      | Reached XP level 2. HP: 23/23 MP: 2/2
   460 | D:1      | Reached XP level 3. HP: 26/28 MP: 3/3
   533 | D:1      | Found Woojiedu's General Store.
   786 | D:2      | Reached skill level 1 in Invocations
   803 | D:2      | Reached skill level 1 in Long Blades
   803 | D:2      | Reached skill level 1 in Axes
   803 | D:2      | Reached skill level 1 in Maces & Flails
   803 | D:2      | Reached skill level 1 in Polearms
   803 | D:2      | Reached skill level 1 in Ranged Weapons
   803 | D:2      | Reached skill level 1 in Throwing
   803 | D:2      | Reached skill level 1 in Stealth
   803 | D:2      | Reached skill level 1 in Shields
   803 | D:2      | Reached skill level 1 in Unarmed Combat
   803 | D:2      | Reached skill level 1 in Spellcasting
   803 | D:2      | Reached skill level 1 in Evocations
   803 | D:2      | Reached skill level 1 in Shapeshifting
   803 | D:2      | Reached XP level 4. HP: 14/34 MP: 5/5
  1114 | D:2      | Reached skill level 1 in Conjurations
  1114 | D:2      | Reached skill level 1 in Hexes
  1114 | D:2      | Reached skill level 1 in Summonings
  1114 | D:2      | Reached skill level 1 in Necromancy
  1114 | D:2      | Reached skill level 1 in Translocations
  1114 | D:2      | Reached skill level 1 in Fire Magic
  1114 | D:2      | Reached skill level 1 in Ice Magic
  1114 | D:2      | Reached skill level 1 in Air Magic
  1114 | D:2      | Reached skill level 1 in Earth Magic
  1114 | D:2      | Reached skill level 1 in Alchemy
  1679 | D:3      | Found a blossoming altar of Fedhas.
  1711 | D:3      | Identified the +1 hammer of Socikhlu {antimagic, rPois
                  | Str+3 Int+5 Dex-2}
  1719 | D:3      | Found a runed translucent door.
  1720 | D:3      | Noticed Crazy Yiuf
  1792 | D:3      | Found a faded altar of an unknown god.
  2139 | D:3      | Noticed Jessica
  2155 | D:3      | Killed Jessica
  2156 | D:3      | Reached XP level 5. HP: 24/40 MP: 5/7
  2395 | D:3      | Noticed an ogre
  2399 | D:3      | Demolished by an ogre

Illustrated notes

Levels and vault maps discovered:
D:1:      tarquinn_simple_flora_water_c, layout_basic, serial_shops,
          nicolae_shop_hallway_stairs
D:2:      cheibrodos_pilgrimage, layout_basic, st_stairs_8,
          chequers_serial_rivers_micro_c, amcnicky_mini_rare_corridor_liquid,
          kennysheep_generic_room_11
D:3:      layout_basic, mainiacjoe_overflow_boulevard,
          hellmonk_ecumenical_altar_leap_of_faith, minmay_bisected,
          uniq_crazy_yiuf_cottage, uniq_jessica

Skill      XL: |  1  2  3  4 |
---------------+-------------+-----
Invocations    | 1 |  1.5
Long Blades    | 1 |  1.4
Axes           | 1 |  1.4
Maces & Flails | 1 |  1.4
Polearms       | 1 |  1.4
Ranged Weapons | 1 |  1.4
Throwing       | 1 |  1.4
Stealth        | 1 |  1.4
Shields        | 1 |  1.4
Unarmed Combat | 1 |  1.4
Spellcasting   | 1 |  1.4
Evocations     | 1 |  1.4
Shapeshifting  | 1 |  1.2
Conjurations   | 1 |  1.1
Hexes          | 1 |  1.1
Summonings     | 1 |  1.1
Necromancy     | 1 |  1.1
Translocations | 1 |  1.1
Fire Magic     | 1 |  1.1
Ice Magic      | 1 |  1.1
Air Magic      | 1 |  1.1
Earth Magic    | 1 |  1.1
Alchemy        | 1 |  1.1
Fighting       | |  2.9
Short Blades   | |  8.6
Staves         | |  6.6
Armour         | |  2.9
Dodging        | |  2.9

Action                     |  1- 3 |  4- 6 || total
---------------------------+-------+-------++-------
  Melee: Whip              |    76 |    67 ||   143
         Short sword       |     4 |       ||     4
         Bite              |    14 |     5 ||    19
  Evoke: Wand              |       |     2 ||     2
   Stab: Sleeping          |     3 |     3 ||     6
         Distracted        |     1 |       ||     1
 Armour: Robe              |    32 |    27 ||    59
  Dodge: Dodged            |    53 |    44 ||    97
  Block: Other             |    14 |    17 ||    31
         Reflection        |       |     1 ||     1

Table legend: (Time is in decaauts)
 A = Elapsed time spent in this place.
 B = Non-inter-level travel time spent in this place.
 C = Inter-level travel time spent in this place.
 D = Time resting spent in this place.
 E = Time spent auto-exploring this place.
 F = Levels seen in this place.
 G = Mean time per level.
                   A        B        C        D        E       F      G
               +--------+--------+--------+--------+--------+-----+--------+
         Total |   2404 |   2310 |     94 |     70 |   1670 |   3 |  801.3 |
       Dungeon |   2404 |   2310 |     94 |     70 |   1670 |   3 |  801.3 |
               +--------+--------+--------+--------+--------+-----+--------+

Top non-repeatable levels by time:
     D:2: 962 daAuts
     D:3: 758 daAuts
     D:1: 683 daAuts
